 Dungeon Crawl Stone Soup version 0.31-a0-845-g9abc20d24f (webtiles) character file.

Game seed: 6752532606132834208

467 Kurtz the Chopper (level 7, 0/46 HPs)
             Began as an Octopode Fighter on Oct 2, 2023.
             Slain by a centaur zombie (2 damage)
             ... in an ossuary.
             The game lasted 00:02:25 (2686 turns).

Kurtz the Chopper (Octopode Fighter)                Turns: 2686, Time: 00:02:25

Health: 0/46       AC:  1    Str: 15    XL:     7   Next: 8%
Magic:  7/7        EV: 10    Int: 11    God:
Gold:   210        SH: 13    Dex: 13    Spells: 6/6 levels left

rFire   + . .        a - +0 war axe
rCold   + . .        m - +0 tower shield
rNeg    + . .        (helmet restricted)
rPois   +            (no amulet)
rElec   +            d - ring of resist corrosion
rCorr   +            f - ring of positive energy
SInv    .            g - ring of poison resistance
Will    .....        (no ring)
Stlth   ++           (no ring)
HPRegen 0.27/turn    (no ring)
MPRegen 0.10/turn    (no ring)
                     (no ring)

%: no passive effects
@: resistant
A: almost no armour, amphibious, 8 rings, camouflage 1, gelatinous body 1,
(nimble swimmer 1), tentacles
a: no special abilities


You were in an ossuary.
You visited 1 branch of the dungeon, and saw 4 of its levels.
You also visited: Ossuary.

You collected 210 gold pieces.

Inventory:

Hand Weapons
 a - a +0 war axe (weapon)
Missiles
 k - 2 poisoned darts
Armour
 b - a +0 buckler
 m - a +0 tower shield (worn)
Jewellery
 d - a ring of resist corrosion (left tentacle)
 f - a ring of positive energy (right tentacle)
 g - a ring of poison resistance (on tentacle)
Talismans
 h - a beast talisman
Wands
 l - a wand of flame (15)
 t - a wand of roots (7)
Scrolls
 e - 4 scrolls of teleportation {unknown}
 i - 2 scrolls of identify {unknown}
 j - 4 scrolls of fog {unknown}
 n - 3 scrolls of immolation {unknown}
 o - a scroll of poison {unknown}
 q - a scroll of noise {unknown}
 r - a scroll of torment {unknown}
Potions
 c - a potion of might
 s - a potion of lignification {unknown}
 u - a potion of enlightenment {unknown}


   Skills:
 - Level 3.0 Fighting
 - Level 6.4 Axes
 - Level 3.0 Dodging
 * Level 4.7 Shields


You had 6 spell levels left.
You didn't know any spells.
Your spell library contained the following spells:

 Spells                   Type           Power      Damage    Failure   Level
 Blink                    Tloc           0%         N/A       99%         2
 Ozocubu's Armour         Ice            0%         N/A       100%        3
 Manifold Assault         Tloc           0%         N/A       100%        4
 Ozocubu's Refrigeration  Ice            0%         4d7       100%        7


Dungeon Overview and Level Annotations

Branches:
Dungeon (4/15)            Ossuary (1/1)
 Temple: D:4-7

Altars:


Innate Abilities, Weirdness & Mutations

You cannot wear most types of armour.
You are amphibious.
You can wear up to eight rings at the same time.
Your skin changes colour to match your surroundings (Stealth+).
Your rubbery body absorbs attacks. (AC +1, EV +1)
((You are camouflaged when in or above water. (Stealth+)))
You have tentacles for arms and can constrict up to eight enemies at once.


Message History

The centaur zombie barely misses you.
You are too injured to fight recklessly!
You are too injured to fight recklessly!
You are too injured to fight recklessly!
You are too injured to fight recklessly!
You hit the centaur zombie but do no damage.
The centaur zombie hits you. You block the centaur zombie's attack.
The centaur zombie hits you. The centaur zombie barely misses you.
You hit the centaur zombie.
The centaur zombie is lightly damaged.
You block the centaur zombie's attack. x2
The centaur zombie closely misses you. You block the centaur zombie's attack.
You slash the centaur zombie!
You squeeze the centaur zombie, but do no damage.
The centaur zombie is moderately damaged.
You block the centaur zombie's attack. The centaur zombie kicks you.
You block the centaur zombie's attack. x2
You hit the centaur zombie.
The centaur zombie is heavily damaged.
The centaur zombie hits you. You block the centaur zombie's attack.
The centaur zombie hits you.
* * * LOW HITPOINT WARNING * * *
You block the centaur zombie's attack.
You hit the centaur zombie. You squeeze the centaur zombie.
The centaur zombie is severely damaged.
The centaur zombie hits you.
* * * LOW HITPOINT WARNING * * *
You block the centaur zombie's attack. The centaur zombie hits you.
* * * LOW HITPOINT WARNING * * *
The centaur zombie misses you.
The centaur zombie attacks as it pursues you!
The centaur zombie closely misses you. You block the centaur zombie's attack.
The centaur zombie attacks as it pursues you!
The centaur zombie hits you.
* * * LOW HITPOINT WARNING * * *
You block the centaur zombie's attack.
It was a potion of resistance.
You feel protected. You block the centaur zombie's attack.
The centaur zombie kicks you.
You die...

#..## ##..# #...####
####...#
#......########......#
#....................#
#....................#
#......########......#
#...####.'..# ####...#
#..##....####.# ##..#
#..'...@Z.....+ #..#
#..##....####.# ##..#
#...####.+ ####...#
#......########......#
#....................#
#....................#
######################


You could see a centaur zombie.

Vanquished Creatures
  A black bear (D:4)
  An elf zombie (Ossuary)
  A scorpion (D:4)
  2 centaur zombies (Ossuary)
  A human zombie (Ossuary)
  3 adders (D:2)
  3 adder zombies (Ossuary)
  8 dart slugs
  6 orcs (D:3)
  6 bats
  6 endoplasms
  5 giant cockroaches
  6 goblins
  5 hobgoblins
  4 jackals (D:2)
  5 quokkas
  7 ball pythons
  4 frilled lizards
  A gnoll zombie (Ossuary)
  2 goblin zombies (Ossuary)
  4 hobgoblin zombies (Ossuary)
  5 jackal zombies (Ossuary)
  3 kobolds
  2 kobold zombies (Ossuary)
  2 orc zombies (Ossuary)
  2 quokka zombies (Ossuary)
  9 rats
  3 rat zombies (Ossuary)
107 creatures vanquished.

Notes
Turn   | Place    | Note
-------+----------+-------------------------------------------
     0 | D:1      | Kurtz the Octopode Fighter began the quest for the Orb.
     0 | D:1      | Reached XP level 1. HP: 16/16 MP: 1/1
   105 | D:1      | Found a faded altar of an unknown god.
   205 | D:1      | Reached XP level 2. HP: 16/21 MP: 2/2
   231 | D:1      | Reached skill level 3 in Axes
   406 | D:1      | Reached XP level 3. HP: 26/26 MP: 3/3
   802 | D:2      | Reached skill level 4 in Axes
   898 | D:2      | Reached XP level 4. HP: 28/31 MP: 4/4
  1819 | D:3      | Reached skill level 5 in Axes
  1839 | D:3      | Reached XP level 5. HP: 30/36 MP: 5/5
  2196 | D:4      | Noticed a black bear
  2201 | D:4      | Killed a black bear
  2202 | D:4      | Reached skill level 6 in Axes
  2213 | D:4      | Reached XP level 6. HP: 11/42 MP: 6/6
  2420 | D:4      | Found a sand-covered staircase.
  2425 | Ossuary  | Entered an ossuary
  2633 | Ossuary  | Reached XP level 7. HP: 36/46 MP: 7/7
  2685 | Ossuary  | HP: 2/46 [centaur zombie (3)]
  2686 | Ossuary  | Slain by a centaur zombie

Illustrated notes

Levels and vault maps discovered:
D:1:      kennysheep_arrival_forest, layout_basic,
          hellmonk_ecumenical_altar_heavens_door
D:2:      layout_basic
D:3:      kennysheep_slugbush, layout_basic, hex_medium, chequers_jeans,
          minmay_circle_x
D:4:      layout_basic, serial_aquarium, aquarium_bridge_square
          [aquarium_subvault_window, aquarium_subvault_balcony,
          aquarium_subvault_bridge, aquarium_subvault_window],
          aquarium_bridge_straight [aquarium_subvault_bridge,
          aquarium_subvault_wall, aquarium_subvault_bridge,
          aquarium_subvault_wall], aquarium_window_fake, aquarium_window_corner,
          aquarium_window_corner, aquarium_view_4, aquarium_balcony_3b,
          enter_ossuary_2, minmay_misc_feat_chi
Ossuary:  minmay_ossuary_two_tombs

Skill      XL: |  1  2  3  4  5  6 |
---------------+-------------------+-----
Axes           | 3 4 5 6 |  6.4
Shields        | 4 |  4.7
Fighting       | |  3.0
Dodging        | |  3.0

Action                     |  1- 3 |  4- 6 |  7- 9 || total
---------------------------+-------+-------+-------++-------
  Melee: War axe           |    49 |   131 |    12 ||   192
         Constrict         |    14 |    33 |     1 ||    48
         Tentacles         |    12 |    18 |     5 ||    35
         Punch             |     1 |     3 |       ||     4
    Use: Potion            |       |     1 |     1 ||     2
   Stab: Sleeping          |     5 |    12 |       ||    17
 Armour: Skin              |    13 |    60 |    21 ||    94
  Dodge: Dodged            |    31 |    64 |    10 ||   105
  Block: Buckler           |    10 |    35 |       ||    45
         Tower shield      |       |     9 |    19 ||    28

Table legend: (Time is in decaauts)
 A = Elapsed time spent in this place.
 B = Non-inter-level travel time spent in this place.
 C = Inter-level travel time spent in this place.
 D = Time resting spent in this place.
 E = Time spent auto-exploring this place.
 F = Levels seen in this place.
 G = Mean time per level.
                   A        B        C        D        E       F      G
               +--------+--------+--------+--------+--------+-----+--------+
         Total |   2747 |   2674 |     73 |     97 |   1981 |   5 |  549.4 |
       Dungeon |   2466 |   2393 |     73 |      5 |   1912 |   4 |  616.5 |
       Ossuary |    280 |    280 |      0 |     92 |     69 |   1 |  280.0 |
               +--------+--------+--------+--------+--------+-----+--------+

Top non-repeatable levels by time:
     D:2: 839 daAuts
     D:3: 706 daAuts
     D:1: 690 daAuts
 Ossuary: 280 daAuts
     D:4: 230 daAuts
